 Dungeon Crawl Stone Soup version 0.30-a0-989-g0d87f670db (webtiles) character file.

Game seed: 13589453916362894121

19 Gynju the Firebug (level 2, -5/20 HPs)
             Began as a Draconian Fire Elementalist on Apr 4, 2023.
             Slain by a gnoll
             ... wielding a +0 flail of holy wrath
              (14 damage)
             ... on level 2 of the Dungeon.
             The game lasted 00:03:35 (1252 turns).

Gynju the Firebug (Draconian Fire Elementalist)     Turns: 1252, Time: 00:03:36

Health: -5/20      AC:  4    Str: 10    XL:     2   Next: 55%
Magic:  2/5        EV: 12    Int: 15    God:
Gold:   47         SH:  0    Dex: 11    Spells: 2/5 levels left

rFire   . . .      SeeInvis .    g - +0 short sword
rCold   . . .      Faith    .    (no shield)
rNeg    . . .      Spirit   .    (body armour unavailable)
rPois   .          Reflect  .    (helmet restricted)
rElec   .          Rampage  .    d - scarf {harm}
rCorr   .          Harm     + .  (no gloves)
Will    .....                    (no boots)
Stlth   ++                       (no amulet)
HPRegen 0.23/turn                (no ring)
MPRegen 0.09/turn                (no ring)

@: no status effects
A: AC +4, unfitting armour, cold-blooded
a: no special abilities


You were on level 2 of the Dungeon.
You visited 1 branch of the dungeon, and saw 2 of its levels.

You collected 47 gold pieces.

Inventory:

Hand Weapons
 g - a +0 short sword (weapon)
Armour
 d - a scarf of harm (worn)
Scrolls
 b - 2 scrolls of enchant weapon {unknown}
 e - 2 scrolls of identify {unknown}
 f - a scroll of immolation {unknown}
 h - a scroll of magic mapping {unknown}
 i - 2 scrolls of enchant armour {unknown}
Potions
 a - a potion of magic
 c - a potion of might {unknown}


   Skills:
 + Level 2.0 Dodging
 + Level 2.1 Stealth
 + Level 2.2 Spellcasting
 - Level 1.3 Conjurations
 + Level 3.2 Fire Magic


You had 2 spell levels left.
You knew the following spells:

 Your Spells              Type           Power      Damage    Failure   Level
a - Foxfire               Conj/Fire      32%        2x1d3     9%          1
b - Scorch                Fire           22%        2d6       9%          2

Your spell library contained the following spells:

 Spells                   Type           Power      Damage    Failure   Level
 Inner Flame              Hex/Fire       6%         N/A       34%         3
 Kindle Blastsparks       Fire/Tloc/Air  8%         2d10      38%         3
 Flame Wave               Conj/Fire      8%         2d5       63%         4


Dungeon Overview and Level Annotations

Branches:
Dungeon (2/15)

Altars:


Innate Abilities, Weirdness & Mutations

Your plain brown scales are hard. (AC +4)
You cannot fit into any form of body armour.
You are cold-blooded and may be slowed by cold attacks.


Message History

Confirm with . or Enter, or press ? or * to list all spells.
You conjure some foxfire!
Your foxfire dissipates!
The foxfire hits the bat.
The bat is severely wounded.
The foxfire hits the bat.
You kill the bat!
Magic restored.
i - 2 scrolls labelled RIGRING KIECIM (gained 1)
A ball python comes into view.
Casting: Foxfire (safe; 9% risk of failure)
Confirm with . or Enter, or press ? or * to list all spells.
Flames lash the ball python.
You kill the ball python!
You see here a ball python corpse.
You now have 47 gold pieces (gained 18). 4 gnolls come into view.
A gnoll is wielding a +0 flail of holy wrath.
The gnoll shouts! x2
Casting: Scorch (safe; 9% risk of failure)
Confirm with . or Enter, or press ? or * to list all spells.
Flames lash the gnoll.
The gnoll is lightly wounded.
The gnoll's fire resistance burns away.
Casting: Scorch (safe; 9% risk of failure)
Confirm with . or Enter, or press ? or * to list all spells.
Flames lash the gnoll.
The gnoll is burned terribly!
The gnoll is heavily wounded.
The gnoll attacks as you move away! The gnoll hits you but does no damage.
The gnoll attacks as you move away!
The gnoll hits you with a +0 flail of holy wrath.
The gnoll hits you from afar with a +0 spear.
The gnoll attacks as you move away! The gnoll barely misses you.
The gnoll is no longer more vulnerable to fire.
The gnoll attacks as you move away! The gnoll closely misses you.
The gnoll attacks as you move away! The gnoll barely misses you.
The gnoll attacks as you move away!
The gnoll hits you with a +0 flail of holy wrath!
Ouch! That really hurt!
You die...

##+##.##..#....# #####
#.....##..#....# ..... ##
#.....##.......# ##.....
...#.....##..########......
...........................
###........................
.....†#.)##..#.#..###.#+###
..................# #.#.#
......#.<.@.......# #.#.#
......#..##g.#.#..###.#.#
......................#.###
......#......g.............
#.###.#.#.#..#g#..###...###
#. # #.#.#.............###
.........#g.###.#....
....[..#.#..###.#.###
.....................


You could see 4 gnolls.

Vanquished Creatures
  A dart slug (D:1)
  An endoplasm (D:1)
  A giant cockroach (D:1)
  2 goblins
  2 hobgoblins (D:1)
  2 kobolds (D:1)
  A quokka (D:1)
  A ball python (D:2)
  3 bats
  A frilled lizard (D:1)
  A rat (D:1)
16 creatures vanquished.

Vanquished Creatures (others)
  48 foxfires
48 creatures vanquished.

Grand Total: 64 creatures vanquished

Notes
Turn   | Place    | Note
-------+----------+-------------------------------------------
     0 | D:1      | Gynju the Draconian Fire Elementalist began the quest for
                  | the Orb.
     0 | D:1      | Reached XP level 1. HP: 14/14 MP: 3/3
   552 | D:1      | Reached XP level 2. HP: 20/20 MP: 0/5
  1110 | D:1      | Learned a level 2 spell: Scorch
  1252 | D:2      | Slain by a gnoll

Illustrated notes

Levels and vault maps discovered:
D:1:      dpeg_arrival_line_fractal, layout_loops_cross, nrook_uturn
D:2:      layout_basic, hellmonk_ecumenical_altar_arch_garden,
          minmay_pentomino_v2

Skill      XL: |  1  2 |
---------------+-------+-----
Stealth        | 2 |  2.1
Dodging        | 2 |  2.0
Spellcasting   | |  2.2
Conjurations   | |  1.3
Fire Magic     | |  3.2

Action                     || total
---------------------------++-------
  Melee: Short sword       ||    12
         Unarmed           ||     2
         Tailslap          ||     1
         Punch             ||     1
   Cast: Foxfire           ||    34
         Scorch            ||     4
 Armour: Skin              ||     6
  Dodge: Dodged            ||    11

Table legend: (Time is in decaauts)
 A = Elapsed time spent in this place.
 B = Non-inter-level travel time spent in this place.
 C = Inter-level travel time spent in this place.
 D = Time resting spent in this place.
 E = Time spent auto-exploring this place.
 F = Levels seen in this place.
 G = Mean time per level.
                   A        B        C        D        E       F      G
               +--------+--------+--------+--------+--------+-----+--------+
         Total |   1251 |   1221 |     30 |      0 |   1064 |   2 |  625.5 |
       Dungeon |   1251 |   1221 |     30 |      0 |   1064 |   2 |  625.5 |
               +--------+--------+--------+--------+--------+-----+--------+

Top non-repeatable levels by time:
     D:1: 1112 daAuts
     D:2: 138 daAuts
